[Event "*** Titled Tuesday Blitz"]
[Site "Chess.com"]
[Date "2020.03.03"]
[Round "5"]
[White "HouseOfDurin"]
[Black "Dave_ChessMate"]
[Result "0-1"]
[WhiteElo "2114"]
[BlackElo "2445"]
[TimeControl "180+1"]
[EndTime "9:49:44 PST"]
[Termination "Dave_ChessMate won by resignation"]

1. d4 Nf6 2. Bg5 d5 3. Bxf6 exf6 4. e3 Bd6 5. c4 dxc4 6. Bxc4 Nd7 7. Nc3 f5 8. g3 Nf6 9. Nge2 h5 10. h4 b6 11.
Bb5+ Kf8 12. Bc6 Rb8 13. Qc2 Qe7 14. O-O Rh6 15. Nd5 Nxd5 16. Bxd5 Rg6 17. Kh1 Rg4 18.
Nf4 g5 19. Ng2 gxh4 20. Nxh4 Rxh4+ 21. gxh4 Qxh4+ 22. Kg2 Qg4+ 0-1

[Event "*** Titled Tuesday Blitz"]
[Site "Chess.com"]
[Date "2020.03.03"]
[Round "5"]
[White "Endgamegenius"]
[Black "Komissarov_alex"]
[Result "1-0"]
[WhiteElo "2304"]
[BlackElo "1764"]
[TimeControl "180+1"]
[EndTime "9:49:48 PST"]
[Termination "Endgamegenius won by resignation"]

1. e4 e5 2. Nf3 Nc6 3. Bb5 a6 4.
Ba4 Nf6 5. d3 Bc5 6. O-O b5 7.
Bb3 O-O 8. Nc3 d6 9. Bg5 h6 10. Bh4 g5 11. Nxg5 hxg5 12. Bxg5 Be6 13. Nd5 Bxd5 14. Bxd5 Nxd5 15. Bxd8 Nf4 16. Bg5 f5 17. Bxf4 exf4 18. exf5 Ne5 19. d4 1-0

[Event "*** Titled Tuesday Blitz"]
[Site "Chess.com"]
[Date "2020.03.03"]
[Round "5"]
[White "Oleksandr_Bortnyk"]
[Black "Lagravesamuell"]
[Result "1-0"]
[WhiteElo "2953"]
[BlackElo "2644"]
[TimeControl "180+1"]
[EndTime "9:49:52 PST"]
[Termination "Oleksandr_Bortnyk won by resignation"]

1. e4 c5 2. c3 d5 3. exd5 Qxd5 4. d4 Nc6 5. Nf3 Bf5 6. Na3 cxd4 7. Bc4 Qe4+ 8. Be3 e6 9. Ng5 Qe5 10. cxd4 Bb4+ 11. Kf1 Qa5 12. d5 Rd8 13. Qe2 Ne5 14.
dxe6 fxe6 15. Nxe6 Nxc4 16. Nxc4 Qd5 17. Nc7+ 1-0

[Event "*** Titled Tuesday Blitz"]
[Site "Chess.com"]
[Date "2020.03.03"]
[Round "5"]
[White "M1711"]
[Black "mrkvoz"]
[Result "0-1"]
[WhiteElo "2541"]
[BlackElo "2741"]
[TimeControl "180+1"]
[EndTime "9:49:57 PST"]
[Termination "mrkvoz won on time"]

1. d4 d6 2. e4 Nf6 3. Nc3 e5 4. Nf3 Nbd7 5. Bc4 Be7 6. O-O O-O 7.
Re1 c6 8. a4 a5 9. h3 h6 10. Be3 Re8 11. Bb3 Qc7 12. Nh4 Nf8 13.
dxe5 dxe5 14. Qf3 Be6 15. Bxe6 Nxe6 16. Nf5 Kh7 17. Ne2 Ng8 18. Neg3 g6 19. Nxe7 Qxe7 20. h4 Qf6 21. Qxf6 Nxf6 22. f3 Nd7 23. Rad1 Ndc5 24.
b3 Red8 25. Ne2 h5 26. Kf2 Kg7 27. g4 hxg4 28. Bxc5 Nxc5 29. Ng3 gxf3 30. Kxf3 b5 31. axb5 cxb5 0-1

[Event "*** Titled Tuesday Blitz"]
[Site "Chess.com"]
[Date "2020.03.03"]
[Round "5"]
[White "Kotofeyca"]
[Black "Quiet_Desperation"]
[Result "1-0"]
[WhiteElo "2375"]
[BlackElo "2046"]
[TimeControl "180+1"]
[EndTime "9:49:57 PST"]
[Termination "Kotofeyca won by resignation"]

1. d4 Nf6 2. c4 e6 3. Nf3 Bb4+ 4. Nbd2 b6 5. a3 Bxd2+ 6. Bxd2 Bb7 7. Bg5 h6 8. Bh4 d6 9. e3 Nbd7 10. Be2 Qe7 11. O-O g5 12. Bg3 Ne4 13. Nd2 h5 14. Nxe4 h4 15. Bf3 hxg3 16. fxg3 O-O-O 17. Nc3 f5 18. Bxb7+ Kxb7 19. Qf3+ Kb8 20. e4 g4 21. Qf4 Qh7 22. e5 dxe5 23. dxe5 Nc5 24. Rad1 Qxh2+ 25. Kf2 Nd3+ 26. Rxd3 Rxd3 27. Ne2 Rxg3 1-0

[Event "*** Titled Tuesday Blitz"]
[Site "Chess.com"]
[Date "2020.03.03"]
[Round "5"]
[White "IMRosen"]
[Black "czasnaszachy"]
[Result "1-0"]
[WhiteElo "2498"]
[BlackElo "2282"]
[TimeControl "180+1"]
[EndTime "9:49:58 PST"]
[Termination "IMRosen won on time"]

1. d4 Nf6 2. Bf4 g6 3. Nc3 Bg7 4. e4 d6 5. Qd2 Nbd7 6. O-O-O c5 7. dxc5 Nxc5 8. e5 Nh5 9. Be3 Qa5 10. Bb5+ Bd7 11.
Bxd7+ Nxd7 12. g4 Nxe5 13. gxh5 Nc4 14. Qd5 Bxc3 15. Qxc4 Bb4 16. Rd5 Qa4 17. c3 1-0

[Event "*** Titled Tuesday Blitz"]
[Site "Chess.com"]
[Date "2020.03.03"]
[Round "5"]
[White "saisree"]
[Black "ShahMatKanal"]
[Result "0-1"]
[WhiteElo "2289"]
[BlackElo "2501"]
[TimeControl "180+1"]
[EndTime "9:50:08 PST"]
[Termination "ShahMatKanal won by checkmate"]

1. e4 c5 2. Nc3 Nc6 3. d3 g6 4.
Be3 d6 5. g3 Bg7 6. Qd2 Nd4 7.
Bg2 Rb8 8. Nd1 b5 9. c3 Ne6 10. Ne2 h5 11. O-O Nf6 12. h3 Bb7 13. f4 c4 14. f5 Nc5 15. fxg6 fxg6 16. Nf4 cxd3 17. Nxg6 Nfxe4 18. Bxe4 Nxe4 19. Qxd3 Rg8 20. Kh2 h4 21. Nxh4 Be5 22. Qxb5+ Qd7 23. Qxd7+ Kxd7 24. Bf4 Nxg3 25. Rf2 Rbf8 26. Bxe5 Nf1+ 27. Rxf1 Rxf1 28. Bg3 Rh1# 0-1

[Event "*** Titled Tuesday Blitz"]
[Site "Chess.com"]
[Date "2020.03.03"]
[Round "5"]
[White "Orest_Vovk"]
[Black "Gordima"]
[Result "0-1"]
[WhiteElo "2530"]
[BlackElo "2762"]
[TimeControl "180+1"]
[EndTime "9:50:12 PST"]
[Termination "Gordima won by checkmate"]

1. g4 d5 2. Bg2 c6 3. h3 e5 4. d4 exd4 5. Qxd4 Be6 6. Nf3 h6 7. O-O Nd7 8. e4 dxe4 9. Qxe4 Ngf6 10. Qe2 Bc5 11. Be3 O-O 12. Nc3 Re8 13. Bxc5 Nxc5 14.
Qd2 Qb6 15. b3 Rad8 16. Qc1 Qb4 17. Qb2 Bd5 18. Nxd5 Nxd5 19. c4 Nf4 20. Rad1 Ncd3 21. Qd2 Qc5 22. Ne1 Ne2+ 23. Kh2 Nxf2 24. Qxd8 Qe5# 0-1

[Event "*** Titled Tuesday Blitz"]
[Site "Chess.com"]
[Date "2020.03.03"]
[Round "5"]
[White "ahachess"]
[Black "guillembaches"]
[Result "0-1"]
[WhiteElo "2217"]
[BlackElo "2403"]
[TimeControl "180+1"]
[EndTime "9:50:15 PST"]
[Termination "guillembaches won by resignation"]

1. d4 Nf6 2. c4 e6 3. g3 d5 4. Bg2 dxc4 5. Nf3 c5 6. Qa4+ Nc6 7. Qxc4 cxd4 8. O-O e5 9. Ng5 Qd7 10. Rd1 Bd6 11. Na3 O-O 12. Nb5 Be7 13. e3 a6 14. Nc3 Qf5 15. exd4 exd4 16. Nce4 h6 17. Nxf6+ Bxf6 18. Ne4 Ne5 19. Qxd4 Nf3+ 20. Bxf3 Bxd4 21. Rxd4 Qxf3 22. Bf4 Bh3 0-1

[Event "*** Titled Tuesday Blitz"]
[Site "Chess.com"]
[Date "2020.03.03"]
[Round "5"]
[White "Irishchessman16"]
[Black "mortngabriel"]
[Result "0-1"]
[WhiteElo "2185"]
[BlackElo "2395"]
[TimeControl "180+1"]
[EndTime "9:50:19 PST"]
[Termination "mortngabriel won by resignation"]

1. e4 c5 2. Nf3 Nc6 3. Nc3 g6 4.
d4 cxd4 5. Nxd4 Bg7 6. Be3 Nf6 7. f3 O-O 8. Qd2 d5 9. Nxc6 bxc6 10. exd5 Nxd5 11.
Nxd5 cxd5 12. c3 e5 13. Rd1 Be6 14. Be2 a5 15. O-O a4 16. f4 a3 17. b3 e4 18. f5 Bxf5 19. Bd4 Bxd4+ 20. Qxd4 Be6 21.
Rf6 Rc8 22. Rdf1 Qc7 23. c4 Qc5 24. Qxc5 Rxc5 25. cxd5 Bxd5 26. Rd1 Rc2 27. Rxd5 Rxe2 28. Rf2 Rb2 29. Ra5 e3 30. Rf3 Re8 31. Kf1 e2+ 32.
Ke1 0-1

[Event "*** Titled Tuesday Blitz"]
[Site "Chess.com"]
[Date "2020.03.03"]
[Round "5"]
[White "ronaldbrizuela"]
[Black "maestroza"]
[Result "1-0"]
[WhiteElo "2656"]
[BlackElo "2474"]
[TimeControl "180+1"]
[EndTime "9:50:29 PST"]
[Termination "ronaldbrizuela won on time"]

1. d4 Nf6 2. c4 e6 3. Nc3 Bb4 4. e3 b6 5. Ne2 Ba6 6. a3 Bxc3+ 7.
Nxc3 d5 8. cxd5 Bxf1 9. Kxf1 exd5 10. g3 O-O 11. Kg2 Nc6 12. Qf3 Qd7 13. b4 Rfe8 14.
Bb2 Ne7 15. b5 Nf5 16. a4 Qe6 17. Ba3 Nd6 18. Bxd6 cxd6 19. Rhc1 Rac8 20. h3 Rc4 21. Nxd5 Rec8 22. Nxf6+ Qxf6 23. Qxf6 gxf6 24. Rxc4 Rxc4 25.
a5 Rb4 26. axb6 axb6 27. Ra8+ Kg7 28. Rd8 Rxb5 29. Rxd6 Rb2 30. Kf3 h5 31. g4 h4 32.
Rd5 b5 33. Rh5 b4 34. Rxh4 1-0

[Event "*** Titled Tuesday Blitz"]
[Site "Chess.com"]
[Date "2020.03.03"]
[Round "5"]
[White "Eltaj_Safarli"]
[Black "TigrVShlyape"]
[Result "1-0"]
[WhiteElo "3044"]
[BlackElo "2878"]
[TimeControl "180+1"]
[EndTime "9:50:30 PST"]
[Termination "Eltaj_Safarli won by resignation"]

1. e4 b6 2. Nc3 Bb7 3. d4 e6 4. Bd3 g6 5. Qe2 Bg7 6. Nf3 d6 7. Bg5 Ne7 8. O-O-O h6 9. Bh4 a6 10. Kb1 Nd7 11. g4 b5 12. Bg3 Nb6 13. a3 Qd7 14. h4 O-O-O 15. h5 g5 16. e5 Ned5 17. Ne4 Qc6 18. exd6 cxd6 19. Rc1 Kb8 20. Nc5 Nf4 21. Bxf4 Qxf3 22. Nxb7 Qxe2 23. Bxe2 Kxb7 24. Be3 f5 25. f3 Nd5 26. Bd2 Bxd4 27. c4 bxc4 28. Rxc4 Bb6 29. Rhc1 a5 30. Bd3 fxg4 31. fxg4 Rc8 32. Rxc8 Rxc8 33. Ba6+ Kxa6 34. Rxc8 Be3 35. Kc2 Bxd2 36. Kxd2 Nf6 37. Rh8 Nxg4 38. Ke2 Kb5 39. Kf3 Ne5+ 40. Kg3 d5 41. Rxh6 d4 42. Rxe6 1-0

[Event "*** Titled Tuesday Blitz"]
[Site "Chess.com"]
[Date "2020.03.03"]
[Round "5"]
[White "SantoBlue"]
[Black "juniortay"]
[Result "1-0"]
[WhiteElo "2760"]
[BlackElo "2495"]
[TimeControl "180+1"]
[EndTime "9:50:30 PST"]
[Termination "SantoBlue won by resignation"]

1. e4 e5 2. Nf3 Nf6 3. d3 Nc6 4. g3 d5 5. exd5 Nxd5 6. Bg2 Bd6 7. Nc3 Nxc3 8. bxc3 O-O 9. O-O Bg4 10. h3 Bh5 11.
Rb1 Rb8 12. Re1 f5 13. Qe2 Qf6 14. Qf1 Kh8 15. Nd2 Bc5 16. Nb3 Bb6 17. c4 Nd4 18.
Ba3 Rfe8 19. c5 Nxc2 20. Bb2 Nxe1 21. Rxe1 Ra8 22. cxb6 axb6 23. f4 Rxa2 24. Bxe5 Qg6 25. Kh2 Qc6 26. Nd4 Qd5 27. Nxf5 Rxe5 28. Rxe5 Qf3 29.
Re8+ 1-0

[Event "*** Titled Tuesday Blitz"]
[Site "Chess.com"]
[Date "2020.03.03"]
[Round "5"]
[White "Bulldog167"]
[Black "Ginger_GM"]
[Result "1-0"]
[WhiteElo "2744"]
[BlackElo "2577"]
[TimeControl "180+1"]
[EndTime "9:50:31 PST"]
[Termination "Bulldog167 won by resignation"]

1. e4 d6 2. d4 Nf6 3. f3 Nbd7 4. c4 e5 5. d5 Be7 6. Nc3 O-O 7.
Be3 c6 8. Qd2 cxd5 9. cxd5 a6 10. Nh3 b5 11. Nf2 Nb6 12. b3 Nh5 13. Be2 Nf4 14. O-O f5 15. exf5 Bxf5 16. Rac1 Kh8 17. Bxf4 exf4 18. Nce4 Bf6 19. Nxf6 Rxf6 20. Rc6 Bd7 21. Rc2 Rf5 22. Bd3 Rf8 23. Be4 b4 24. Qxb4 a5 25. Qxd6 a4 26. Rc7 axb3 27. axb3 Rf6 28.
Qe5 Bb5 29. Rfc1 Nd7 30. Qh5 g6 31. Qh4 Qe7 32. Ng4 Rf7 33. Qxe7 Rxe7 34. d6 Re6 35. Bxa8 1-0

[Event "*** Titled Tuesday Blitz"]
[Site "Chess.com"]
[Date "2020.03.03"]
[Round "5"]
[White "JakeCarlosBanawa"]
[Black "RitvarsReimanis"]
[Result "0-1"]
[WhiteElo "2404"]
[BlackElo "2622"]
[TimeControl "180+1"]
[EndTime "9:50:31 PST"]
[Termination "RitvarsReimanis won on time"]

1. d4 Nf6 2. c4 e6 3. Nc3 d5 4.
cxd5 exd5 5. Bg5 Nbd7 6. e3 Be7 7. Bd3 c6 8. Qc2 O-O 9. Nge2 Re8 10. O-O-O Nf8 11.
f3 Ng6 12. Nf4 Nd7 13. h4 Nxf4 14. Bxf4 Nf8 15. Kb1 Bd6 16. Bxd6 Qxd6 17. Qd2 Qh6 18. e4 Qxd2 19. Rxd2 dxe4 20. fxe4 Bg4 21. e5 Rad8 22. Bc4 Be6 23. Bxe6 Nxe6 24. d5 cxd5 25. Nxd5 Nf4 26. Rhd1 Nxd5 27. Rxd5 Rxd5 28. Rxd5 g6 29. Rd7 b5 30.
Rxa7 Rxe5 31. Rb7 h5 32. b3 Kg7 33. Kb2 Re2+ 34. Ka3 Rxg2 35. Rxb5 Rg4 36. Rb4 Rxb4 37. Kxb4 g5 38. a4 gxh4 39. a5 h3 40. a6 h2 0-1

[Event "*** Titled Tuesday Blitz"]
[Site "Chess.com"]
[Date "2020.03.03"]
[Round "5"]
[White "davserr65"]
[Black "Zarikovs1999"]
[Result "1-0"]
[WhiteElo "2051"]
[BlackElo "2348"]
[TimeControl "180+1"]
[EndTime "9:50:33 PST"]
[Termination "davserr65 won by resignation"]

1. Nf3 c5 2. c4 Nf6 3. g3 d5 4.
cxd5 Nxd5 5. Bg2 Nc6 6. d4 Nc7 7. dxc5 Qxd1+ 8. Kxd1 e5 9. Be3 Ne6 10. Nc3 Nxc5 11. Nb5 Na6 12. a3 Be6 13. Ng5 Bb3+ 14. Ke1 f6 15. Nf3 Be7 16. Nd2 Be6 17. f3 Kf7 18. Kf2 Rhd8 19. Rhd1 Nc5 20. b4 Nb3 21. Nxb3 Bxb3 22. Rxd8 Rxd8 23. Nxa7 Nxa7 24. Bxa7 Rd2 25.
Be3 Rb2 26. f4 Bc4 27. Bf3 e4 28. Bxe4 Bxe2 29. Bd4 Rd2 30. Ke3 Rxd4 31. Kxd4 f5 32.
Ke3 fxe4 33. Kxe2 Bf6 34. Ra2 1-0

[Event "*** Titled Tuesday Blitz"]
[Site "Chess.com"]
[Date "2020.03.03"]
[Round "5"]
[White "burbur555"]
[Black "Manukyan_Artak"]
[Result "1-0"]
[WhiteElo "2598"]
[BlackElo "2414"]
[TimeControl "180+1"]
[EndTime "9:50:37 PST"]
[Termination "burbur555 won by checkmate"]

1. c4 g6 2. g3 h5 3. h4 Nh6 4.
Nc3 c5 5. Bg2 Nc6 6. Nf3 Nf5 7.
Rb1 d6 8. d3 Bg7 9. a3 a5 10. Bd2 O-O 11. O-O e5 12. Nd5 Nfd4 13.
b4 axb4 14. axb4 Nxf3+ 15. Bxf3 Bh3 16. Bg2 Bxg2 17. Kxg2 cxb4 18. Bxb4 f5 19. Bd2 Rf7 20. Bg5 Qd7 21. e3 Raf8 22. Qe2 Kh7 23. Rb6 f4 24. exf4 exf4 25. Bxf4 Nd4 26. Qd1 Nf5 27. Bg5 Bd4 28. Rb1 Nxh4+ 29. gxh4 Rxf2+ 30. Rxf2 Rxf2+ 31. Kg3 Qf7 32. Nf6+ Bxf6 33. Kxf2 Bxg5+ 34. Kg2 Bxh4 35. Qf3 Qe6 36. Rxb7+ Kh6 37. Qf4+ Bg5 38. Qf8# 1-0

[Event "*** Titled Tuesday Blitz"]
[Site "Chess.com"]
[Date "2020.03.03"]
[Round "5"]
[White "karwowskikacper"]
[Black "TST2014"]
[Result "0-1"]
[WhiteElo "2370"]
[BlackElo "2587"]
[TimeControl "180+1"]
[EndTime "9:50:39 PST"]
[Termination "TST2014 won by checkmate"]

1. e4 c5 2. Nf3 Nc6 3. Nc3 d6 4. d4 cxd4 5. Nxd4 Nf6 6. Bg5 e6 7.
Qd2 a6 8. f4 h6 9. Bxf6 Qxf6 10.
Nf3 Qd8 11. a3 Be7 12. Be2 b5 13. O-O Bb7 14. Kh1 O-O 15. Rad1 Qc7 16. f5 Ne5 17.
fxe6 fxe6 18. Nxe5 dxe5 19. Qe3 Bg5 20. Qh3 Qe7 21.
Bg4 Rae8 22. Bh5 Rd8 23. Rxd8 Rxd8 24. Bg4 Bc8 25. Qf3 Qf6 26. Qxf6 gxf6 27. Rd1 Rxd1+ 28. Nxd1 Kf7 29. Kg1 Bc1 30. Kf2 f5 31. exf5 exf5 32. Bh5+ Kf6 33. Ke2 f4 34. c3 Be6 35. Be8 e4 36. a4 Bc4+ 37. Ke1 e3 38. axb5 Bd2# 0-1

[Event "*** Titled Tuesday Blitz"]
[Site "Chess.com"]
[Date "2020.03.03"]
[Round "5"]
[White "DonPreuss"]
[Black "earling8018"]
[Result "0-1"]
[WhiteElo "2172"]
[BlackElo "2017"]
[TimeControl "180+1"]
[EndTime "9:50:39 PST"]
[Termination "earling8018 won by resignation"]

1. d4 g6 2. e4 Bg7 3. Nc3 c5 4. Be3 Qa5 5. Bc4 Nc6 6. Ne2 cxd4 7. Nxd4 Qb4 8. O-O Qxc4 9. Ncb5 Nxd4 10. Bxd4 Bxd4 11. Nxd4 d6 12. f4 Nf6 13. e5 dxe5 14.
fxe5 Ne4 15. b3 Qd5 16. c4 Qxe5 17. Kh1 O-O 18. Qd3 Rd8 19. Rad1 Bf5 20. Nxf5 Rxd3 21. Nh6+ Kg7 22. Rxd3 Nf2+ 23. Kg1 Nxd3 0-1

[Event "*** Titled Tuesday Blitz"]
[Site "Chess.com"]
[Date "2020.03.03"]
[Round "5"]
[White "SnekkerAndersen"]
[Black "DACF2905"]
[Result "1-0"]
[WhiteElo "2490"]
[BlackElo "2211"]
[TimeControl "180+1"]
[EndTime "9:50:41 PST"]
[Termination "SnekkerAndersen won on time"]

1. d4 Nf6 2. Bf4 e6 3. e3 c5 4. c3 Qb6 5. Qb3 Nc6 6. Qxb6 axb6 7. Bc7 cxd4 8. exd4 Nd5 9. Bg3 Be7 10. Nd2 d6 11. Ngf3 Nf6 12. Nc4 Ne4 13. Nxb6 Rb8 14. Bd3 Nxg3 15. hxg3 h6 16. O-O Bd8 17. Nxc8 Rxc8 18.
d5 exd5 19. Rfe1+ Kf8 20. Rad1 Bf6 21. Bf5 Ra8 22. a3 d4 23. cxd4 g6 24. Be4 1-0

[Event "*** Titled Tuesday Blitz"]
[Site "Chess.com"]
[Date "2020.03.03"]
[Round "5"]
[White "Hubbery"]
[Black "MokshAD1603"]
[Result "0-1"]
[WhiteElo "2544"]
[BlackElo "2208"]
[TimeControl "180+1"]
[EndTime "9:50:43 PST"]
[Termination "MokshAD1603 won by resignation"]

1. d4 Nf6 2. c4 g6 3. Nc3 d5 4. Bg5 Bg7 5. Bxf6 Bxf6 6. cxd5 c5 7.
dxc5 Nd7 8. c6 Nb6 9. e3 O-O 10. Nf3 Bxc3+ 11. bxc3 Nxd5 12. cxb7 Bxb7 13. c4 Nb4 14. a3 Qxd1+ 15. Rxd1 Nc2+ 16. Kd2 Nxa3 17. Kc3 Rac8 18. Ra1 Nb5+ 19. Kb4 Nd6 20. Rxa7 Rb8 21. Kc3 Ne4+ 22. Kc2 Nxf2 23. Rg1 Rfd8 24. Be2 Be4+ 25.
Kc3 Bf5 26. Nd4 Ne4+ 27. Kc2 Ng3+ 28. Nxf5 Nxf5 29. Rga1 Nxe3+ 30. Kc3 e6 31. g3 Rbc8 32. Re7 Nd5+ 0-1

[Event "*** Titled Tuesday Blitz"]
[Site "Chess.com"]
[Date "2020.03.03"]
[Round "5"]
[White "Palacios-LLera"]
[Black "sganerdene"]
[Result "1-0"]
[WhiteElo "2528"]
[BlackElo "2682"]
[TimeControl "180+1"]
[EndTime "9:50:46 PST"]
[Termination "Palacios-LLera won by checkmate"]

1. d4 Nf6 2. Nf3 g6 3. c3 Bg7 4. Bg5 O-O 5. Nbd2 d6 6. e4 c5 7. dxc5 dxc5 8. Be2 Nc6 9. O-O Qc7 10. Qc2 Nh5 11.
Rfe1 e5 12. a4 Be6 13. Nc4 h6 14. Bh4 g5 15. Bg3 Nf4 16. Bf1 Rfd8 17. Ne3 Ne7 18. Nd2 h5 19. f3 Neg6 20. Bf2 h4 21. Red1 a6 22. a5 Qe7 23. Ndc4 Nf8 24. Nb6 Rab8 25. Bc4 Qf6 26. Bxe6 fxe6 27. Ng4 Qf7 28. Bxc5 N8g6 29. h3 Qc7 30. Be3 Kh7 31. Rxd8 Rxd8 32. Rd1 Rxd1+ 33.
Qxd1 Nf8 34. Qd2 Kg6 35. b4 Qc6 36. c4 Qa4 37. Kh2 Qb3 38. Bxf4 exf4 39. e5 Kf7 40.
c5 Ng6 41. Qd7+ Kg8 42. Nf6+ Bxf6 43. exf6 Ne5 44. Qg7# 1-0

[Event "*** Titled Tuesday Blitz"]
[Site "Chess.com"]
[Date "2020.03.03"]
[Round "5"]
[White "bugbug01052018"]
[Black "letsgoband"]
[Result "0-1"]
[WhiteElo "2267"]
[BlackElo "2492"]
[TimeControl "180+1"]
[EndTime "9:50:46 PST"]
[Termination "letsgoband won by resignation"]

1. e4 e5 2. Nf3 Nc6 3. Bb5 a6 4. Ba4 Nf6 5. O-O Be7 6. d3 b5 7.
Bb3 O-O 8. a4 b4 9. Nbd2 d5 10.
exd5 Nxd5 11. Nc4 Bf6 12. Re1 Re8 13. Ne3 Be6 14. Nc4 Bc8 15. a5 Bb7 16. Ba4 Re6 17. Bxc6 Bxc6 18. Ncxe5 Bb7 19. Ng4 Rxe1+ 20. Qxe1 Be7 21.
Bd2 Bd6 22. Ng5 Nf4 23. Ne4 Nd5 24. Nxd6 Qxd6 25. Qe5 Qc6 26. Re1 h5 27. Qxh5 Nf4 28. Nh6+ gxh6 29. Re4 Nxh5 0-1

[Event "*** Titled Tuesday Blitz"]
[Site "Chess.com"]
[Date "2020.03.03"]
[Round "5"]
[White "bangchess21"]
[Black "artooon"]
[Result "0-1"]
[WhiteElo "2593"]
[BlackElo "2755"]
[TimeControl "180+1"]
[EndTime "9:50:52 PST"]
[Termination "artooon won by resignation"]

1. e4 e5 2. Nf3 Nc6 3. d4 exd4 4. Nxd4 Nf6 5. Nxc6 bxc6 6. e5 Qe7 7. Qe2 Nd5 8. c4 Nb6 9. Nc3 Ba6 10. Qe4 g6 11. f4 Bg7 12. Be3 O-O 13. c5 Bxf1 14. Rxf1 d5 15. cxd6 cxd6 16. O-O-O dxe5 17. f5 Nd5 18. Rxd5 cxd5 19. Nxd5 Rfc8+ 20. Kb1 Qd6 21. f6 Bf8 22. Rd1 Qe6 23. g4 Rd8 24. Rd2 Rac8 25.
h4 Rd7 26. Bg5 h6 27. Bxh6 Bxh6 28. Ne7+ Rxe7 29. fxe7 0-1

[Event "*** Titled Tuesday Blitz"]
[Site "Chess.com"]
[Date "2020.03.03"]
[Round "5"]
[White "Misha_Bilous"]
[Black "NTBT_DHS"]
[Result "0-1"]
[WhiteElo "2468"]
[BlackElo "2707"]
[TimeControl "180+1"]
[EndTime "9:50:52 PST"]
[Termination "NTBT_DHS won by resignation"]

1. d4 Nf6 2. c4 g6 3. Nc3 Bg7 4. e4 O-O 5. f3 d6 6. Be3 c5 7. Nge2 Nc6 8. d5 Ne5 9. Ng3 e6 10. Be2 exd5 11. cxd5 h5 12. O-O a6 13. a4 Bd7 14. h3 h4 15. Nh1 b5 16. f4 Nc4 17.
Bxc4 bxc4 18. e5 Nh5 19. exd6 Qb6 20. Qd2 Rfe8 21. Rfe1 Rab8 22. Re2 Qxb2 23. Qxb2 Rxb2 24. Rxb2 Bxc3 25. Bc1 Re1+ 26. Kf2 Rxh1 27. Rb8+ Kh7 28.
Rab1 Ng3 29. Be3 Rxb1 30. Rxb1 Bb4 31. Rc1 c3 32. Kf3 Bxa4 33. Bf2 Nf5 34. Be1 c2 35. Bf2 Nxd6 36. Ke3 Ba3 37. Ra1 c1=Q+ 38. Rxc1 Bxc1+ 0-1

[Event "*** Titled Tuesday Blitz"]
[Site "Chess.com"]
[Date "2020.03.03"]
[Round "5"]
[White "MikeSailer"]
[Black "Reshetkov"]
[Result "0-1"]
[WhiteElo "2113"]
[BlackElo "2554"]
[TimeControl "180+1"]
[EndTime "9:50:52 PST"]
[Termination "Reshetkov won by resignation"]

1. Nf3 g6 2. c4 Bg7 3. Nc3 d6 4. b4 Nf6 5. Bb2 O-O 6. e3 e5 7. Be2 a5 8. b5 e4 9. Nd4 Re8 10. O-O Nbd7 11. f3 Nc5 12. fxe4 Nfxe4 13. Nxe4 Nxe4 14. Rb1 Nc5 15. Nf3 Bf5 16. Bxg7 Bxb1 17. Qxb1 Kxg7 18. Nd4 f6 19. Bf3 Qe7 20. Bd5 Qe5 21.
Nf3 Qh5 22. d4 Na4 23. Bxb7 Rab8 24. Bd5 Rxe3 25. Qc1 Rbe8 26. Bc6 R8e7 27. Qc2 Nc3 28. d5 Ne2+ 29. Kh1 Ng3+ 30. Kg1 Nxf1 31. Kxf1 Rxf3+ 32. gxf3 Qxf3+ 33. Qf2 Qd3+ 34. Kg2 Re2 0-1

[Event "*** Titled Tuesday Blitz"]
[Site "Chess.com"]
[Date "2020.03.03"]
[Round "5"]
[White "lestri"]
[Black "Hamisandwich"]
[Result "1-0"]
[WhiteElo "2506"]
[BlackElo "2668"]
[TimeControl "180+1"]
[EndTime "9:50:53 PST"]
[Termination "lestri won on time"]

1. c4 Nc6 2. d4 d6 3. d5 Ne5 4. e4 Nf6 5. Nc3 g6 6. f4 Ned7 7. Nf3 Bg7 8. Bd3 O-O 9. O-O e6 10. Kh1 exd5 11. cxd5 Nc5 12. Bc2 c6 13. dxc6 bxc6 14.
Be3 Ba6 15. Re1 Ng4 16. Bg1 Ne6 17. Qd2 Bh6 18. g3 Qc7 19. Rad1 Rfd8 20. h3 Nf6 21. Be3 d5 22. e5 Ne4 23. Qg2 Nxc3 24. bxc3 Qa5 25.
Qd2 c5 26. f5 Bxe3 27. Qxe3 Ng7 28. e6 fxe6 29. f6 d4 30. Qe4 Bc4 31. Bb3 Bxb3 32. axb3 Qxc3 33. fxg7 1-0

[Event "*** Titled Tuesday Blitz"]
[Site "Chess.com"]
[Date "2020.03.03"]
[Round "5"]
[White "floplover"]
[Black "bilelou"]
[Result "1-0"]
[WhiteElo "2326"]
[BlackElo "2557"]
[TimeControl "180+1"]
[EndTime "9:50:53 PST"]
[Termination "floplover won by resignation"]

1. d4 Nf6 2. c4 e6 3. Nc3 Bb4 4. Qc2 c5 5. dxc5 O-O 6. Nf3 Bxc5 7. Bg5 Be7 8. Rd1 b6 9. e4 Bb7 10. Bd3 h6 11. Bh4 d6 12. e5 Ne8 13. Bg3 Bxf3 14. gxf3 Nc6 15. Bh7+ Kh8 16. Be4 Rc8 17. O-O a6 18. Rfe1 Qc7 19. f4 dxe5 20. fxe5 Nxe5 21.
Bg2 Bd6 22. Rxd6 Nxd6 23. Bxe5 Qc5 24. Qd2 Nf5 25. b3 Rfd8 26. Qf4 f6 27. Bxf6 gxf6 28. Rxe6 Rg8 29. Nd5 Rg5 30. Rxf6 Rcg8 31. Rxf5 Rxg2+ 32. Kf1 Qc6 33. Rf6 Rg1+ 34. Ke2 Qe8+ 35. Ne3 Qh5+ 36.
f3 R1g6 37. Rxg6 Rxg6 38. Qf8+ Kh7 39. Qf7+ Rg7 40. Qxh5 Re7 41. Qf5+ Kg7 42. Kf2 Re5 43. Qg4+ Kf6 44. Nd5+ Kf7 45. Qh4 Re6 46. Qg4 1-0

[Event "*** Titled Tuesday Blitz"]
[Site "Chess.com"]
[Date "2020.03.03"]
[Round "5"]
[White "MartinCerveny"]
[Black "KacperPolOK"]
[Result "1-0"]
[WhiteElo "2621"]
[BlackElo "2418"]
[TimeControl "180+1"]
[EndTime "9:50:54 PST"]
[Termination "MartinCerveny won by checkmate"]

1. d4 e6 2. Nf3 f5 3. h3 Nf6 4.
g4 d5 5. Bg5 Be7 6. e3 O-O 7. c4 Ne4 8. Bf4 Bb4+ 9. Nbd2 Nxd2 10. Nxd2 Nc6 11. a3 Bxd2+ 12. Qxd2 Bd7 13. cxd5 exd5 14.
g5 Be8 15. Be2 Kh8 16. h4 Rc8 17. h5 Qd7 18. h6 g6 19. Rc1 Nd8 20. Kf1 Ne6 21.
Be5+ Kg8 22. f4 a6 23. Kg2 Qe7 24. Bf3 c6 25. Bxd5 Bf7 26. Bf3 Nc7 27. Bxc7 Rxc7 28. Rc5 Re8 29. Re5 Qd8 30. Rxe8+ Qxe8 31. Rc1 Re7 32.
Kf2 Qd7 33. Rc5 Bd5 34. Bxd5+ cxd5 35. Qc3 Qe6 36. Qd3 b6 37. Rc3 a5 38. Qc2 Kf7 39.
Ke2 b5 40. b4 axb4 41. axb4 Qa6 42.
Rc6 Qa1 43. Rf6+ Ke8 44. Qc8# 1-0

[Event "*** Titled Tuesday Blitz"]
[Site "Chess.com"]
[Date "2020.03.03"]
[Round "5"]
[White "riconaipe"]
[Black "Nalatac"]
[Result "1-0"]
[WhiteElo "2579"]
[BlackElo "2286"]
[TimeControl "180+1"]
[EndTime "9:50:54 PST"]
[Termination "riconaipe won on time"]

1. e4 e5 2. Nf3 Nc6 3. Bc4 Bc5 4.
O-O Nf6 5. d3 d6 6. c3 a6 7. Nbd2 O-O 8. Re1 Na5 9. Bd5 c6 10.
b4 Ba7 11. Bb3 Nxb3 12. axb3 Re8 13. Nc4 h6 14. Be3 Bxe3 15. Nxe3 d5 16. exd5 cxd5 17.
d4 e4 18. Ne5 Be6 19. c4 Qb6 20. Qd2 Rad8 21. c5 Qc7 22. b5 axb5 23. Qa5 Qxa5 24. Rxa5 Ra8 25. Rxb5 Bc8 26. h3 Ra6 27. Kh2 Kf8 28. g4 Ra2 29. Kg3 Re6 30. h4 g5 31.
hxg5 hxg5 32. Nf5 Rea6 33. Rh1 Kg8 34. Ne7+ Kg7 35. Nxc8 1-0